 Dungeon Crawl Stone Soup version 0.25-a0-424-g80bd347ae0 (webtiles) character file.

Game seed: 9123342085332187748, levelgen mode: deterministic

2 Erk the Sneak (level 1, 0/14 HPs)
             Began as an Octopode Assassin on Jan 21, 2020.
             Was an Initiate of Nemelex Xobeh.
             Slain by an adder (4 damage)
             ... on level 1 of the Dungeon.
             The game lasted 00:02:06 (141 turns).

Erk the Sneak (Octopode Assassin)                    Turns: 141, Time: 00:02:06

Health: 0/14       AC:  1    Str: 10    XL:     1   Next: 40%
Magic:  1/1        EV: 13    Int: 13    God:    Nemelex Xobeh [......]
Gold:   17         SH:  0    Dex: 13    Spells: 0/0 levels left

rFire    . . .     SeeInvis .   a - +2 dagger
rCold    . . .     Gourm    .   (no shield)
rNeg     . . .     Faith    .   (helmet restricted)
rPois    .         Spirit   .   (no amulet)
rElec    .         Reflect  .   (no ring)
rCorr    .         Harm     .   (no ring)
MR       .....                  (no ring)
Stlth    +++++.....             (no ring)
HPRegen  0.04/turn              (no ring)
MPRegen  0.07/turn              (no ring)
                                (no ring)
                                (no ring)

@: no status effects
A: almost no armour, stealthy swim, amphibious, 8 rings, constrict 8, camouflage
1, gelatinous body 1
a: Draw Escape, Draw Destruction, Draw Summoning, Renounce Religion


You were on level 1 of the Dungeon.
You worshipped Nemelex Xobeh.
Nemelex Xobeh was noncommittal.
You were not hungry.

You visited 1 branch of the dungeon, and saw 2 of its levels.

You collected 17 gold pieces.

Inventory:

Hand Weapons
 a - a +2 dagger (weapon)
Missiles
 b - 18 poisoned darts (quivered)
 c - 2 curare-tipped darts
Scrolls
 f - 5 scrolls of identify {unknown}
 g - a scroll of remove curse {unknown}
Potions
 e - a potion of heal wounds {unknown}
Comestibles
 d - 2 rations


   Skills:
 - Level 2.0 Fighting
 - Level 2.0 Short Blades
 - Level 2.0 Throwing
 - Level 1.0 Dodging
 + Level 5.5 Stealth


You couldn't memorise any spells.
You didn't know any spells.
Your spell library was empty.

Dungeon Overview and Level Annotations

Branches:
Dungeon (2/15)

Altars:
Nemelex Xobeh


Innate Abilities, Weirdness & Mutations

You cannot wear most types of armour.
You are very stealthy in the water. (Stealth+)
You are amphibious.
You can wear up to eight rings at the same time.
You can use your tentacles to constrict eight enemies at once.
Your skin changes colour to match your surroundings (Stealth+).
Your rubbery body absorbs attacks. (AC +1, EV +1)


Message History

A dart slug comes into view.
The adder hisses angrily.
You hit the adder. You grab the adder.
You squeeze the adder, but do no damage.
The adder is moderately wounded.
You constrict the adder. The adder bites you.
You release your grip on the adder.
There is an escape hatch in the ceiling here.
The adder bites you. A mysterious force pulls you upwards.
The hatch slams shut behind you.
A goblin comes into view. It is wielding a +0 club.
The adder barely misses you. The adder barely misses you.
There is an open door here.
The adder bites you.
* * * LOW HITPOINT WARNING * * *
There is a stone staircase leading down here.
The adder bites you.
You die...
Your body disappears without a glow.

#. #..#.# # #.# #..#.###.#
###..## ....... .....# .....
##+## #..### ##.## ##...##
#....###...### ##.....##
##.##..#.........## ##r.....g##
#......#.≈≈≈≈≈≈≈..####.........#
..........≈.....@S.>..'.........+
.#...#....≈.....≈..####.........#
##.##.≈≈.≈.≈≈..≈..# ##.......##
......≈[.≈.<≈..≈..# ##.....##
###.##.≈..≈..≈..≈..# ##...## #
#.≈..≈≈.≈.≈≈.## ##+##
#.≈.....≈....# #.≈.....≈..#.#
#.≈≈≈≈≈≈≈......


You could see an adder.

Vanquished Creatures
  A goblin (D:2)
  A frilled lizard (D:2)
  A kobold (D:2)
3 creatures vanquished.

Notes
Turn   | Place    | Note
-------+----------+-------------------------------------------
     0 | D:1      | Erk the Octopode Assassin began the quest for the Orb.
     0 | D:1      | Reached XP level 1. HP: 14/14 MP: 1/1
    28 | D:2      | Found a sparkling altar of Nemelex Xobeh.
    37 | D:2      | Became a worshipper of Nemelex Xobeh the Trickster
    51 | D:1      | You fall into a shaft and drop 1 floor!
    59 | D:2      | Received a gift from Nemelex Xobeh
   141 | D:1      | Slain by an adder

Levels and vault maps discovered:
D:1:      ebering_hopf_link, layout_loops_corners, evilmike_ruin_ashenzari
D:2:      layout_rooms, nemelex_xobeh_ov_fountains_minmay, minmay_domino_4

Action                   || total
-------------------------++-------
Melee: Dagger            ||     7
       Constrict         ||     2
       Tentacles         ||     2
 Stab: Sleeping          ||     1
Dodge: Dodged            ||     4

Table legend:
 A = Non-vault XP
 B = Vault XP
 C = Vault XP percentage of total XP
 D = Non-vault monster count
 E = Vault monster count
 F = Vault count percentage of total count
                 A         B        C        D         E       F
            +---------+---------+-------+---------+---------+-------
      Total |       4 |       0 |   0.0 |       3 |       0 |   0.0
            +---------+---------+-------+---------+---------+-------
        D:2 |       4 |       0 |   0.0 |       3 |       0 |   0.0
            +---------+---------+-------+---------+---------+-------
